Map: [ESL] NeoHumanity

Players

ShoWTimE - Winner!

  • Race: Protoss Protoss
  • Spawn Location: 11:00

ShaDoWn

  • Race: Protoss Protoss
  • Spawn Location: 5:00

Event: ESL SC2 Masters 2023 Summer (Regionals)

VOD

Have the link to the VOD?

Description

Time

  • Played on: May 12, 2023, 11:13 a.m.
  • Length: 17:58

All games in this series

Show
View Real Time Build Order
Export as new Build Order

ShoWTimE Protoss - Winner!

Build Orders: Oracle Opening 

Get SALT Encoding   

  12  0:00  Probe  
  13  0:12  Probe  
  14  0:17  Pylon  
  14  0:24  Probe (Chrono Boost)  
  15  0:36  Probe (Chrono Boost), Gateway  
  16  0:44  Probe (Chrono Boost)  
  16  0:45  Assimilator  
  17  0:50  Probe  
  17  0:53  Assimilator  
  18  1:03  Probe (Chrono Boost)  
  19  1:07  Gateway  
  19  1:14  Probe (Chrono Boost)  
  20  1:19  Probe (Chrono Boost)  
  20  1:23  Cybernetics Core  
  21  1:29  Probe  
  22  1:34  Pylon  
  22  1:41  Probe  
  23  1:53  Probe  
  24  1:59  Adept  
  24  2:00  Adept  
  28  2:01  Warp Gate  
  28  2:05  Probe  
  29  2:11  Pylon  
  29  2:31  Stargate  
  29  2:32  Probe  
  29  2:33  Adept  
  29  2:34  Adept  
  34  2:45  Probe  
  34  2:48  Pylon  
  35  3:04  Probe  
  36  3:12  Oracle (Chrono Boost)  
  39  3:21  Nexus  
  39  3:25  Probe  
  40  3:37  Probe  
  40  3:39  Oracle (Chrono Boost)  
  41  3:44  Pylon  
  44  3:50  Probe  
  44  3:52  Robotics Facility  
  45  4:00  Stalker  
  47  4:03  Stalker  
  47  4:04  Probe  
  50  4:12  Twilight Council  
  50  4:16  Probe  
  49  4:29  Probe  
  48  4:31  Stalker  
  48  4:32  Stalker  
  50  4:42  Blink (Chrono Boost)  
  50  4:43  Probe  
  49  4:47  Probe  
  48  4:54  Shield Battery  
  48  4:56  Probe  
  48  4:58  Assimilator  
  48  4:59  Probe  
  50  5:02  Stalker  
  52  5:08  Probe  
  52  5:11  Stalker  
  52  5:12  Probe  
  56  5:20  Probe  
  56  5:21  Gateway  
  57  5:25  Probe  
  58  5:32  Probe  
  59  5:36  Stalker x2  
  59  5:37  Probe  
  64  5:43  Pylon  
  64  5:44  Probe  
  65  5:55  Nexus  
  65  5:57  Probe x2  
  65  6:01  Pylon  
  67  6:07  Stalker  
  67  6:09  Probe  
  67  6:11  Stalker  
  72  6:15  Stalker  
  72  6:17  Probe  
  75  6:19  Shield Battery  
  75  6:22  Probe  
  76  6:29  Probe  
  76  6:32  Stalker  
  79  6:36  Stalker  
  79  6:39  Stalker  
  83  6:42  Probe  
  83  6:43  Probe  
  83  6:44  Pylon  
  85  6:53  Forge  
  85  6:54  Probe  
  86  7:02  Probe  
  86  7:05  Charge, Stalker x2  
  86  7:07  Probe, Stalker  
  95  7:08  Probe  
  95  7:14  Probe  
  96  7:19  Probe  
  96  7:20  Probe  
  98  7:26  Probe  
  98  7:27  Protoss Ground Weapons Level 1 (Chrono Boost)  
  91  7:30  Shield Battery  
  91  7:31  Probe  
  91  7:32  Probe  
  91  7:35  Stalker x2  
  91  7:36  Stalker  
  99  7:38  Probe  
  99  7:40  Assimilator  
  99  7:43  Probe  
  101  7:44  Probe, Robotics Facility  
  100  7:59  Probe  
  100  8:00  Stalker x3  
  105  8:11  Pylon, Gateway  
  105  8:12  Gateway  
  105  8:14  Gateway  
  105  8:17  Nexus  
  105  8:22  Gateway  
  105  8:23  Gateway  
  105  8:26  Stalker x2  
  109  8:28  Stalker  
  109  8:34  Photon Cannon  
  111  8:38  Pylon  
  111  8:42  Nexus  
  111  8:43  Pylon  
  111  8:57  Pylon  
  111  9:00  Pylon  
  111  9:01  Pylon, Protoss Ground Weapons Level 2 (Chrono Boost)  
  111  9:09  Stalker x6  
  120  9:17  Probe  
  120  9:18  Probe x2  
  120  9:22  Shield Battery  
  121  9:26  Shield Battery  
  121  9:30  Probe x3  
  124  9:36  Stalker x3  
  124  9:37  Stalker x3  
  136  9:38  Stalker  
  136  9:41  Stalker  
  140  9:46  Pylon  
  140  9:47  Photon Cannon  
  140  9:53  Probe x3  
  140  9:58  Photon Cannon  
  143  10:01  Pylon  
  143  10:05  Probe, Pylon  
  144  10:08  Stalker x3  
  144  10:11  Zealot x2  
  154  10:15  Zealot x2  
  154  10:19  Observer (Chrono Boost)  
  159  10:31  Stalker  
  159  10:32  Zealot, Stalker x4  
  161  10:44  Zealot x2  
  161  10:47  Photon Cannon  
  163  10:50  Pylon x2  
  163  10:51  Observer  
  163  10:55  Stalker  
  166  10:57  Photon Cannon  
  166  10:59  Protoss Ground Weapons Level 3 (Chrono Boost)  
  166  11:01  Nexus  
  166  11:03  Pylon  
  166  11:05  Zealot x5  
  176  11:13  Forge  
  176  11:15  Observer  
  176  11:16  Probe x3  
  176  11:17  Probe  
  181  11:19  Zealot x2  
  181  11:25  Photon Cannon  
  185  11:31  Photon Cannon  
  185  11:33  Shield Battery  
  185  11:39  Protoss Ground Armor Level 1 (Chrono Boost), Stalker x5  
  184  11:40  Stalker x2  
  184  11:44  Probe  
  184  11:45  Probe x3  
  192  11:47  Photon Cannon  
  192  11:57  Probe  
  193  12:03  Stalker x3  
  193  12:06  Unknown  
  191  12:11  Zealot x4  
  191  12:14  Dark Shrine  
  195  12:15  Zealot  
  195  12:16  Photon Cannon  
  195  12:17  Photon Cannon  
  197  12:25  Photon Cannon  
  197  12:26  Photon Cannon  
  197  12:28  Shield Battery  
  197  12:30  Pylon  
  197  12:35  Gateway  
  195  12:38  Gateway  
  195  12:39  Photon Cannon  
  195  12:41  Robotics Bay  
  195  12:45  Robotics Facility  
  195  12:46  Zealot x3  
  195  12:49  Stalker  
  194  12:59  Shield Battery  
  194  13:00  Observer  
  194  13:03  Zealot x4  
  196  13:12  Photon Cannon  
  196  13:14  Assimilator  
  196  13:15  Protoss Shields Level 1 (Chrono Boost), Photon Cannon  
  196  13:16  Photon Cannon, Assimilator  
  196  13:19  Zealot x4  
  200  13:23  Zealot x3  
  200  13:25  Zealot  
  188  13:28  Observer  
  157  13:36  Dark Templar x2  
  157  13:40  Dark Templar x4  
  142  13:44  Zealot x2  
  142  13:45  Zealot x2  
  142  13:47  Disruptor (Chrono Boost)  
  142  13:48  Pylon  
  146  13:50  Photon Cannon  
  146  13:52  Disruptor (Chrono Boost), Photon Cannon  
  146  13:54  Archon x2, Shield Battery  
  146  13:55  Archon, Shield Battery  
  147  13:57  Pylon  
  149  14:05  Stalker  
  149  14:06  Zealot x3  
  157  14:13  Dark Templar  
  157  14:14  Zealot x5  
  157  14:15  Observer (Chrono Boost)  
  170  14:18  Disruptor (Chrono Boost)  
  173  14:25  Pylon  
  173  14:28  Zealot x4  
  173  14:29  Shield Battery  
  181  14:32  Disruptor (Chrono Boost)  
  181  14:35  Nexus  
  181  14:37  Pylon  
  184  14:40  Dark Templar  
  184  14:47  Disruptor (Chrono Boost)  
  184  14:50  Stalker x4  
  184  14:51  Protoss Ground Armor Level 2 (Chrono Boost)  
  195  14:56  Stalker x2  
  189  15:12  Protoss Shields Level 2 (Chrono Boost)  
  187  15:14  Photon Cannon  
  187  15:16  Photon Cannon  
  187  15:17  Photon Cannon  
  187  15:19  Photon Cannon  
  188  15:22  Shield Battery  
  188  15:23  Disruptor (Chrono Boost)  
  188  15:25  Shield Battery  
  188  15:26  Zealot x3  
  188  15:27  Zealot x2  
  186  15:37  Stalker x3  
  186  15:42  Stalker x2  
  178  16:02  Stalker x5  
  178  16:03  Stalker x3  
  189  16:07  Observer  
  189  16:10  Disruptor  
  185  16:11  Zealot x2  
  188  16:22  Gateway  
  188  16:24  Gateway  
  178  16:29  Zealot x8  
  195  16:43  Disruptor (Chrono Boost), Photon Cannon  
  195  16:44  Disruptor (Chrono Boost)  
  195  16:46  Photon Cannon  
  198  16:49  Stalker x2  
  198  16:52  Gravitic Boosters (Chrono Boost)  
  200  16:57  Assimilator  
  200  16:58  Assimilator  
  198  17:11  Zealot x7  
  200  17:21  Stalker x3  
  195  17:25  Zealot x2  
  191  17:32  Zealot x6  
  191  17:34  Zealot  
  175  17:47  Zealot x5  
  165  17:52  Zealot x6  
Show
View Real Time Build Order
Export as new Build Order

ShaDoWn Protoss 

Build Orders: Oracle Opening, Dark Templar Rush 

Get SALT Encoding   

  12  0:00  Probe  
  13  0:12  Probe  
  14  0:17  Pylon  
  14  0:24  Probe  
  15  0:36  Probe (Chrono Boost), Gateway  
  16  0:46  Probe (Chrono Boost), Assimilator  
  17  0:51  Probe (Chrono Boost)  
  17  0:56  Assimilator  
  18  1:03  Probe (Chrono Boost)  
  19  1:08  Gateway  
  19  1:13  Probe (Chrono Boost)  
  19  1:17  Probe (Chrono Boost)  
  20  1:25  Cybernetics Core  
  21  1:29  Probe  
  22  1:35  Pylon  
  22  1:41  Probe  
  23  1:53  Probe  
  24  2:01  Warp Gate, Stalker x2  
  24  2:05  Probe  
  29  2:34  Stargate  
  28  2:40  Nexus  
  28  2:49  Probe, Pylon  
  29  3:01  Probe  
  30  3:13  Probe  
  30  3:15  Oracle (Chrono Boost)  
  30  3:16  Twilight Council  
  34  3:25  Probe  
  35  3:36  Pylon  
  35  3:38  Probe  
  36  3:50  Probe, Stalker  
  36  3:53  Probe  
  40  3:57  Dark Shrine  
  40  3:58  Stalker  
  40  4:02  Probe  
  41  4:05  Probe  
  42  4:14  Probe  
  43  4:17  Probe  
  43  4:21  Shield Battery  
  43  4:22  Stalker x2  
  48  4:26  Probe  
  48  4:29  Probe  
  50  4:38  Probe (Chrono Boost)  
  45  4:46  Probe (Chrono Boost)  
  45  4:50  Probe (Chrono Boost)  
  45  4:57  Probe (Chrono Boost)  
  45  4:58  Probe (Chrono Boost)  
  49  5:00  Blink (Chrono Boost)  
  49  5:05  Probe (Chrono Boost), Pylon  
  49  5:08  Probe (Chrono Boost)  
  49  5:10  Probe (Chrono Boost)  
  50  5:17  Probe, Nexus  
  50  5:20  Probe  
  52  5:26  Pylon  
  52  5:29  Probe  
  52  5:33  Phoenix, Probe  
  52  5:34  Stalker  
  58  5:39  Stalker  
  60  5:43  Assimilator  
  60  5:47  Probe, Gateway  
  60  5:49  Probe  
  62  5:59  Probe  
  62  6:01  Stalker  
  62  6:03  Stalker  
  62  6:04  Shield Battery  
  67  6:08  Probe, Pylon  
  68  6:15  Probe  
  68  6:18  Pylon  
  69  6:20  Probe (Chrono Boost)  
  70  6:29  Forge, Stalker x2  
  70  6:31  Probe (Chrono Boost)  
  70  6:32  Probe x2 (Chrono Boost)  
  77  6:37  Charge (Chrono Boost)  
  79  6:40  Probe x2 (Chrono Boost)  
  79  6:42  Probe (Chrono Boost)  
  79  6:46  Probe  
  80  6:47  Probe  
  80  6:49  Stalker  
  80  6:51  Probe  
  80  6:52  Stalker  
  87  6:55  Stalker  
  87  6:58  Probe  
  87  6:59  Probe  
  91  7:03  Probe  
  91  7:10  Probe  
  91  7:11  Probe, Protoss Ground Weapons Level 1 (Chrono Boost)  
  91  7:12  Pylon  
  94  7:15  Probe, Stalker x2  
  94  7:18  Stalker  
  94  7:22  Probe  
  99  7:31  Probe  
  99  7:33  Probe  
  99  7:41  Gateway  
  99  7:43  Probe  
  99  7:46  Stalker x3  
  99  7:50  Probe  
  102  7:55  Probe  
  101  8:01  Nexus, Forge  
  101  8:02  Probe  
  101  8:04  Assimilator  
  102  8:05  Assimilator  
  102  8:08  Pylon  
  102  8:10  Stalker x3  
  108  8:18  Gateway  
  108  8:20  Gateway  
  108  8:23  Gateway  
  108  8:25  Pylon, Photon Cannon  
  108  8:33  Probe  
  109  8:38  Protoss Ground Armor Level 1 (Chrono Boost), Stalker x3  
  109  8:41  Probe x2  
  117  8:44  Robotics Facility  
  117  8:45  Probe  
  114  8:49  Stalker  
  114  8:53  Probe x2  
  113  8:57  Probe  
  113  9:01  Stalker  
  113  9:02  Stalker  
  116  9:05  Probe x2  
  116  9:09  Probe  
  118  9:11  Dark Templar  
  118  9:13  Probe  
  117  9:17  Probe x2  
  117  9:22  Probe  
  120  9:25  Probe  
  120  9:29  Probe x2  
  123  9:34  Probe  
  123  9:37  Probe, Stalker x4  
  133  9:44  Stalker x2  
  133  9:45  Stalker  
  140  9:48  Protoss Ground Weapons Level 2 (Chrono Boost)  
  140  9:51  Photon Cannon  
  140  9:53  Probe  
  140  10:03  Probe x2  
  138  10:11  Probe x2  
  134  10:15  Probe  
  134  10:17  Stalker x2  
  134  10:18  Probe  
  140  10:23  Pylon  
  140  10:29  Nexus  
  140  10:31  Probe x2  
  140  10:39  Probe x2  
  138  10:43  Probe  
  138  10:44  Stalker x4  
  138  10:49  Probe, Assimilator  
  148  10:53  Pylon  
  148  10:54  Pylon  
  148  10:55  Pylon  
  148  10:56  Gateway  
  148  10:57  Gateway, Protoss Ground Armor Level 2 (Chrono Boost)  
  148  10:58  Gateway  
  148  11:09  Pylon  
  148  11:12  Observer  
  148  11:13  Stalker x6  
  148  11:14  Stalker  
  163  11:22  Pylon  
  163  11:31  Shield Battery  
  161  11:37  Pylon  
  161  11:38  Stalker x5, Protoss Ground Weapons Level 3 (Chrono Boost)  
  171  11:43  Pylon, Stalker x2  
  175  11:53  Stalker x3  
  181  12:00  Probe x3  
  172  12:02  Stalker x5  
  175  12:16  Pylon  
  175  12:18  Stalker x2  
  175  12:19  Pylon  
  175  12:21  Pylon  
  179  12:26  Unknown  
  179  12:35  Stalker x5  
  179  12:36  Stalker  
  187  12:38  Stalker x2  
  187  12:44  Stalker x2  
  195  13:00  Zealot x2  
  195  13:01  Stalker  
  199  13:12  Stalker  
  199  13:14  Observer  
  200  13:23  Stalker x6  
  186  13:31  Stalker x3  
  176  13:41  Stalker  
  151  13:42  Probe  
  151  13:46  Observer (Chrono Boost)  
  125  13:51  Stalker x2  
  125  13:52  Stalker x4  
  125  13:53  Probe  
  132  13:58  Zealot x3  
  138  14:04  Observer  
  138  14:05  Stalker  
  138  14:09  Observer  
  138  14:13  Nexus  
  138  14:16  Stalker x6  
  150  14:19  Stalker x3  
  156  14:28  Stalker  
  158  14:32  Observer  
  158  14:44  Stalker x9  
  176  14:57  Stalker  
  178  15:06  Observer  
  168  15:10  Stalker x9  
  178  15:27  Pylon  
  178  15:32  Stalker x2  
  178  15:33  Stalker x7  
  196  15:41  Zealot  
  190  16:01  Stalker x7  
  188  16:14  Stalker x3  
  188  16:18  Photon Cannon  
  174  16:29  Stalker x3  
  174  16:30  Stalker x4  
  186  16:37  Assimilator  
  186  16:40  Zealot x3  
  192  16:53  Stalker x6  
  196  17:12  Stalker x2  
  194  17:16  Dark Templar  
  194  17:17  Dark Templar  
  181  17:24  Zealot x6  
  176  17:35  Observer (Chrono Boost)  
  176  17:36  Zealot x2  
  107  17:51  Zealot x8  
Tags
 
Add a new tag
Caveats
  • Supply blocks, unpowered buildings, or Contaminate may cause inaccurate times.
  • Supply counts are checked every 10 seconds.